 Dungeon Crawl Stone Soup version 0.30-a0-165-g1891117ce2 (webtiles) character file.

Game seed: 10909922581765463846

397 qw the Chopper (level 6, -1/38 HPs)
             Began as a Gargoyle Fighter on Sept 28, 2022.
             Slain by a gnoll
             ... wielding a +0 spear
              (4 damage)
             ... on level 4 of the Dungeon.
             The game lasted 00:01:15 (3783 turns).

qw the Chopper (Gargoyle Fighter)                   Turns: 3783, Time: 00:01:15

Health: -1/38      AC: 14    Str: 21    XL:     6   Next: 83%
Magic:  6/6        EV:  7    Int:  9    God:
Gold:   76         SH:  4    Dex:  9    Spells: 5/5 levels left

rFire   + . .      SeeInvis .    Y - +1 war axe
rCold   + . .      Faith    .    c - +0 buckler
rNeg    + . .      Spirit   .    g - +0 chain mail
rPois   inf        Reflect  .    l - +0 helmet
rElec   +          Harm     .    (no cloak)
rCorr   .          Rampage  .    (no gloves)
Will    .....      Clarity  +    (no boots)
Stlth   ..........               (no amulet)
HPRegen 0.12/turn                f - ring of protection from cold
MPRegen 0.10/turn                e - ring of protection from fire

@: about to teleport
A: sickness immunity, AC +4, negative energy resistance 1, electricity
resistance, torment resistance 1, petrification resistance, clarity,
deterioration 1
a: no special abilities


You were on level 4 of the Dungeon.
You visited 1 branch of the dungeon, and saw 4 of its levels.

You collected 124 gold pieces.
You spent 48 gold pieces at shops.


Innate Abilities, Weirdness & Mutations

You are immune to sickness and miasma.
Your stone body is resilient. (AC +4)
You are immune to poison.
You resist negative energy. (rN+)
You are resistant to electric shocks. (rElec)
You are resistant to unholy torment.
You are immune to petrification.
You possess an exceptional clarity of mind.
Your body sometimes deteriorates upon taking damage.


   Skills:
 + Level 3.6 Fighting
 - Level 5.0 Axes
 - Level 3.5 Throwing
 - Level 3.2 Armour
 - Level 3.2 Shields


You had 5 spell levels left.
You didn't know any spells.
Your spell library was empty.

Inventory:

Hand Weapons
 u - the +10 whip of Wu Jian {holy, rElec}
   (You found it on level 3 of the Dungeon)

   It has been blessed by the Shining One to cause great damage to the undead
   and demons.
   rElec:     It insulates you from electricity.
 Y - a +1 war axe (weapon)
Missiles
 j - 2 silver boomerangs (quivered)
Armour
 c - a +0 buckler (worn)
 g - a +0 chain mail (worn)
 l - a +0 helmet (worn)
Jewellery
 e - a ring of protection from fire (right hand)
 f - a ring of protection from cold (left hand)
 q - a +6 ring of dexterity
Potions
 a - a potion of mutation
 b - a potion of berserk rage {unknown}
 d - 2 potions of might
 h - a potion of curing {unknown}
 i - a potion of haste {unknown}
 m - a potion of degeneration {unknown}
 p - a potion of resistance {unknown}
 t - a potion of ambrosia {unknown}
 v - 2 potions of cancellation

Dungeon Overview and Level Annotations

Branches:
Dungeon (4/15)
 Temple: D:4-7

Altars:
Ru

Shops:
D:3 :*(:

Annotations:
D:4 Edmund


Message History

You slash the gnoll!
The gnoll is heavily wounded.
The gnoll hits you but does no damage.
You closely miss the gnoll.
The gnoll is heavily wounded.
The gnoll barely misses you. The gnoll hits you with a +0 flail.
You barely miss the gnoll.
The gnoll is heavily wounded.
You hit the gnoll.
The gnoll barely misses you. x2; You block the gnoll's attack.
An iguana comes into view.
You barely miss the gnoll.
The gnoll is heavily wounded.
You slash the gnoll!
You kill the gnoll!
You hit Edmund but do no damage. You closely miss the ball python.
The ball python bites you but does no damage.
The ball python grabs you. The ball python constricts you.
The gnoll hits you but does no damage. x2
Edmund hits you with a +3 flail of protection.
You block the ball python's attack. The ball python constricts you.
The gnoll hits you but does no damage.
Edmund hits you with a +3 flail of protection.
The gnoll hits you with a +0 flail.
You slash the ball python!
You kill the ball python!
You barely miss the gnoll. You closely miss the gnoll. You closely miss Edmund.
The gnoll hits you with a +0 flail! The gnoll barely misses you.
Edmund hits you but does no damage. The gnoll hits you but does no damage.
You slash the gnoll!
You kill the gnoll!
You hit the gnoll. You barely miss Edmund.
The gnoll hits you from afar with a +0 spear.
The gnoll hits you with a +0 flail!
Edmund hits you with a +3 flail of protection!
3783 ||| READING scroll of teleportation.
As you read the scroll of teleportation, it crumbles to dust.
You feel strangely unstable.
The gnoll hits you from afar with a +0 spear.
You die...

##........
##.$.......
####..........
##.............
.......l.......
........g.!....
......@)g......
.......@....#
.......<...##
............#
............#
......###...#
.....# #..#
..... ..# ....#
..# .... .#


You could see Edmund, an iguana and 2 gnolls.

Vanquished Creatures
  Grinder (D:3)
  Terence (D:2)
  Robin (D:2)
  2 gnolls (D:4)
  5 adders
  2 worms (D:3)
  2 dart slugs
  5 orcs (D:2)
  7 ball pythons
  5 endoplasms
  4 giant cockroaches
  13 goblins
  7 hobgoblins
  6 kobolds
  A quokka (D:2)
  6 bats
  2 frilled lizards
  9 rats
79 creatures vanquished.

Notes
Turn   | Place    | Note
-------+----------+-------------------------------------------
     0 | D:1      | qw the Gargoyle Fighter began the quest for the Orb.
     0 | D:1      | Reached XP level 1. HP: 14/14 MP: 1/1
     0 | D:1      | 0 ||| qw: Version: 0.2-a-12-gaebbb33
     0 | D:1      | 0 ||| qw: Game counter: 742
     0 | D:1      | 0 ||| qw: Always use a shield: true
     0 | D:1      | 0 ||| qw: God list: Okawaru
     0 | D:1      | 0 ||| qw: Allow faded altars: false
     0 | D:1      | 0 ||| qw: Do Orc after D:15 true
     0 | D:1      | 0 ||| qw: Do second Lair branch before Depths: true
     0 | D:1      | 0 ||| qw: Lair rune preference: random
     0 | D:1      | 0 ||| qw: Plans: Normal, Zot:1-4, God:TSO, Crypt, Tomb,
                  | Pan, Slime:5, Hells, Abyss, Orb
     0 | D:1      | 0 ||| PLANNING D:1-11
   123 | D:1      | Reached skill level 2 in Axes
   402 | D:1      | Reached XP level 2. HP: 19/19 MP: 2/2
   607 | D:1      | Found a faded altar of an unknown god.
   940 | D:1      | 940 ||| UPGRADING to +0 chain mail.
   950 | D:1      | 950 ||| DROPPING +0 scale mail.
   951 | D:1      | 951 ||| UPGRADING to ring of protection from cold.
   952 | D:1      | 952 ||| READING scroll labelled CUINLE LOSA.
   957 | D:1      | 957 ||| READING scroll labelled HEIPSE TELUE.
   994 | D:2      | Reached skill level 3 in Axes
  1010 | D:2      | 1010 ||| Stepping ~*~*~tactically~*~*~ (hiding).
  1015 | D:2      | Reached XP level 3. HP: 20/23 MP: 3/3
  1763 | D:2      | Found a sacrificial altar of Ru.
  1883 | D:2      | Noticed Terence
  1888 | D:2      | Killed Terence
  1889 | D:2      | Reached skill level 4 in Axes
  1889 | D:2      | Reached XP level 4. HP: 21/28 MP: 4/4
  2282 | D:2      | 2282 ||| READING scroll labelled ILICUA BUJUPN.
  2283 | D:2      | 2283 ||| READING scroll labelled ZIDUPO NIDOPO.
  2284 | D:2      | 2284 ||| DRINKING 2 fizzy emerald potions.
  2284 | D:2      | Gained mutation: Your body sometimes deteriorates upon
                  | taking damage. [potion of mutation]
  2284 | D:2      | Gained mutation: You possess an exceptional clarity of
                  | mind. [potion of mutation]
  2308 | D:3      | Found Ycihaipi's Book Shop.
  2312 | D:3      | 2312 ||| STAIRDANCE
  2312 | D:3      | Noticed Robin
  2349 | D:3      | 2349 ||| STAIRDANCE
  2493 | D:3      | 2493 ||| STAIRDANCE
  2509 | D:3      | 2509 ||| STAIRDANCE
  2516 | D:3      | 2516 ||| STAIRDANCE
  2570 | D:3      | 2570 ||| STAIRDANCE
  2576 | D:3      | 2576 ||| STAIRDANCE
  2583 | D:2      | Reached XP level 5. HP: 24/32 MP: 5/5
  2593 | D:2      | Killed Robin
  2706 | D:2      | 2706 ||| UPGRADING to +0 helmet.
  2725 | D:3      | Found Uraeb's Assorted Antiques.
  2732 | D:3      | 2732 ||| SHOPLISTING glowing flail (156 gold, have 59).
  2732 | D:3      | 2732 ||| BUYING scroll labelled CUTELIGUG (24 gold).
  2732 | D:3      | Bought a scroll labelled CUTELIGUG for 24 gold pieces
  2732 | D:3      | 2732 ||| BUYING scroll labelled JYCRIDD ODDAA (24 gold).
  2732 | D:3      | Bought a scroll labelled JYCRIDD ODDAA for 24 gold pieces
  2732 | D:3      | 2732 ||| SHOPLISTING scroll labelled ZIECUNASIJ (24 gold,
                  | have 11).
  2769 | D:3      | 2769 ||| Stepping ~*~*~tactically~*~*~ (stealth).
  2771 | D:3      | 2771 ||| Stepping ~*~*~tactically~*~*~ (stealth).
  2774 | D:3      | 2774 ||| Stepping ~*~*~tactically~*~*~ (stealth).
  2899 | D:3      | Noticed Grinder
  2903 | D:3      | Found Vusuxt's Book Shop.
  2909 | D:3      | Reached skill level 5 in Axes
  2912 | D:3      | Paralysed by Grinder for 3 turns
  2924 | D:3      | Paralysed by Grinder for 5 turns
  2937 | D:3      | Killed Grinder
  2938 | D:3      | Reached skill level 3 in Throwing
  2938 | D:3      | Reached XP level 6. HP: 10/37 MP: 6/6
  3211 | D:3      | Identified the +10 whip of Wu Jian {holy, rElec}
  3213 | D:3      | 3213 ||| DROPPING +0 whip.
  3594 | D:3      | Found Vuaguic's Weapon Emporium.
  3596 | D:3      | 3596 ||| Stepping ~*~*~tactically~*~*~ (stealth).
  3620 | D:3      | 3620 ||| UPGRADING to ring of protection from fire.
  3621 | D:3      | 3621 ||| READING scroll labelled CUTELIGUG.
  3722 | D:3      | 3722 ||| READING scroll labelled JYCRIDD ODDAA.
  3723 | D:3      | 3723 ||| READING scroll labelled PEHIYCH GEOMME.
  3724 | D:3      | 3724 ||| READING scroll labelled XAT MEUMIMUTU.
  3725 | D:3      | 3725 ||| DRINKING 3 green potions.
  3775 | D:4      | Noticed Edmund
  3782 | D:4      | HP: 2/37 [Edmund/+3 flail of protection (9)]
  3783 | D:4      | 3783 ||| READING scroll of teleportation.
  3783 | D:4      | Slain by a gnoll

Levels and vault maps discovered:
D:1:      dpeg_arrival_connections, layout_basic, ebering_ecumenical_altar_hall
D:2:      layout_loops_corners, basic_altar, minmay_cupped, uniq_terence
D:3:      layout_loops_ring, serial_shops, shop, shop, nicolae_shop_crystal,
          nicolae_shop_bloodbath_and_beyond, uniq_robin, uniq_grinder
D:4:      layout_layer_cave, uniq_crazy_yiuf_cottage, uniq_edmund

Skill      XL: |  1  2  3  4  5 |
---------------+----------------+-----
Axes           | 2 3 4 5 |  5.0
Throwing       | 3 |  3.5
Fighting       | |  3.6
Armour         | |  3.2
Shields        | |  3.2

Action                   |  1- 3 |  4- 6 || total
-------------------------+-------+-------++-------
Melee: War axe           |   112 |   123 ||   235
Throw: Boomerang         |       |    17 ||    17
  Use: Scroll            |     2 |     7 ||     9
       Potion            |       |     2 ||     2
Armor: Scale mail        |    23 |       ||    23
       Chain mail        |    35 |   105 ||   140
Dodge: Dodged            |    41 |    54 ||    95
Block: Buckler           |    15 |    35 ||    50

Table legend:
 A = Non-vault XP
 B = Vault XP
 C = Vault XP percentage of total XP
 D = Non-vault monster count
 E = Vault monster count
 F = Vault count percentage of total count
                 A         B        C        D         E       F
            +---------+---------+-------+---------+---------+-------
      Total |     200 |     368 |  64.8 |      61 |      18 |  22.8
            +---------+---------+-------+---------+---------+-------
        D:1 |      29 |       0 |   0.0 |      17 |       0 |   0.0
        D:2 |      77 |      76 |  49.7 |      26 |      16 |  38.1
        D:3 |      63 |     292 |  82.3 |      15 |       2 |  11.8
        D:4 |      31 |       0 |   0.0 |       3 |       0 |   0.0
            +---------+---------+-------+---------+---------+-------
